 Dungeon Sprint DCSS version 0.31.0-12-g77e489cdc1 (webtiles) character file.

Game seed: 13237548575205286621

1034 Heoruswealwe the Spear-Bearer (level 8, -26/82 HPs)
             Began as a Minotaur Fighter on Feb 13, 2024.
             Was an Initiate of Gozag.
             Annihilated by a white ugly thing (31 damage)
             ... in the Dungeon (Sprint IX: "|||||||||||||||||||||||||||||").
             The game lasted 00:02:17 (186 turns).

Heoruswealwe the Spear-Bearer (Minotaur Fighter)     Turns: 186, Time: 00:02:18

Health: -26/82     AC: 16    Str: 23    XL:     8   Next: 3%
Magic:  7/7        EV: 11    Int:  5    God:    Gozag
Gold:   540        SH:  0    Dex: 10    Spells: 7/7 levels left

rFire   . . .        b - +2 halberd (venom)
rCold   . . .        (shield currently unavailable)
rNeg    . . .        c - +1 chain mail
rPois   .            (helmet restricted)
rElec   .            (no cloak)
rCorr   .            (no gloves)
SInv    .            e - +0 pair of boots
Will    .....        (no amulet) Stlth
                     k - +2 ring of protection
HPRegen 0.33/turn    j - +2 ring of evasion
MPRegen 0.10/turn

%: no teleportation
@: gold aura
A: horns 2, retaliatory headbutt
a: Renounce Religion, Potion Petition, Call Merchant, Bribe Branch


You were in the Dungeon.
You worshipped Gozag.
Gozag was pleased with you.
You visited 1 branch You collected 540 gold pieces.

Inventory:

Hand Weapons
 a - a +0 trident
 b - a +2 halberd of venom (weapon)
Armour
 c - a +1 chain mail (worn)
 d - a +0 buckler
 e - a +0 pair of boots (worn)
Jewellery
 j - a +2 ring of evasion (right hand)
 k - a +2 ring of protection (left hand)
Wands
 h - a wand of roots (10)
Scrolls
 n - 2 scrolls of blinking
Potions
 f - 3 potions of heal wounds
 g - a potion of haste
 i - a potion of berserk rage
 l - 3 potions of curing
 m - a potion of might


   Skills:
 + Level 11.1 Fighting
 * Level 14.8 Polearms
 + Level 11.2 Armour
 - Level 3.6 Shields


You had 7 spell levels left.
You didn't know any spells.
Your spell library was empty.

Dungeon Overview and Level Annotations

Branches:
Dungeon (1/1)

Altars:
Cheibriados
Dithmenos
Elyvilon
Fedhas
Gozag
Hepliaklqana
Kikubaaqudgha
Makhleb
Nemelex Xobeh
Okawaru
Qazlal
Ru
Sif Muna
Trog
Uskayaw
Vehumet
Wu Jian
Xom
Yredelemnul
Zin
The Shining One
Jiyva
Lugonu


Innate Abilities, Weirdness & Mutations

You have a pair of horns on your head.
You reflexively headbutt those who attack you in melee.


Message History

Your Fighting skill increases to level 11!
Your Armour skill increases to level 11!
You hit the black bear but do no damage.
Your headbutt misses the black bear. The black bear bites you.
The black bear claws you but does no damage. x2
You slash the black bear!
The black bear is poisoned.
The black bear is moderately wounded.
The black bear bites you but does no damage.
The black bear claws you but does no damage.
The black bear barely misses you.
You barely miss the black bear.
The black bear is moderately wounded.
You slash the black bear!
The black bear looks as sick as possible!
The black bear is severely wounded.
The black bear barely misses you.
The black bear claws you but does no damage. x2
You slash the black bear!
You kill the black bear!
You have reached level 8!
You feel stronger.
The white ugly thing is no longer distracted by gold.
The white ugly thing is distracted by your dazzling golden aura.
The shadow slips into darkness.
The shadow flickers and vanishes!
Deactivating autopickup; reactivate with Ctrl-A.
Items here: $ ) [[.
The white ugly thing is no longer distracted by gold.
The white ugly thing kicks you.
* * * LOW HITPOINT WARNING * * *
The white ugly thing freezes you!
* * * LOW HITPOINT WARNING * * *
The manticore is distracted by your dazzling golden aura.
You closely miss the white ugly thing.
The manticore is no longer distracted by gold.
The white ugly thing kicks you.
* * * LOW HITPOINT WARNING * * *
The white ugly thing freezes you!!
You die...
Your body crumbles into a pile of gold. ▓▓▓▓▓▓▓▓▓▓▓▓▓▓▓▓▓▓▓▓▓▓ +.{Hu@$'....).)....[[) ▓▓▓▓▓▓▓▓▓▓▓▓▓▓▓▓▓▓▓▓▓▓

You could see a white ugly thing and a manticore.

Vanquished Creatures
  A kobold demonologist (D)
  A yak (D)
  2 vampire mosquitoes (D)
  A black bear (shapeshifter) (D)
  A centaur (D)
  A gnoll sergeant (D)
  A wight (D)
  A killer bee (D)
  An iguana (D)
  2 adders (D)
  A dart slug (D)
  A ribbon worm (D)
  A bat (D)
  An endoplasm (D)
  A giant cockroach (D)
  2 frilled lizards (D)
19 creatures vanquished.

Notes
Turn   | Place    | Note
-------+----------+-------------------------------------------
     0 | D        | Heoruswealwe the Minotaur Fighter began the quest for the
                  | Orb.
     0 | D        | Reached XP level 1. HP: 19/19 MP: 0/0
     7 | D        | Reached skill level 3 in Polearms
    22 | D        | Noticed an iguana
    25 | D        | Reached skill level 4 in Polearms
    25 | D        | Reached XP level 2. HP: 28/28 MP: 1/1
    34 | D        | Reached skill level 5 in Fighting
    34 | D        | Reached skill level 5 in Polearms
    34 | D        | Reached skill level 5 in Armour
    36 | D        | Reached XP level 3. HP: 31/36 MP: 2/2
    40 | D        | Reached skill level 6 in Polearms
    46 | D        | Found a snail-covered altar of Cheibriados.
    46 | D        | Found a shadowy altar of Dithmenos.
    46 | D        | Found a white marble altar of Elyvilon.
    46 | D        | Found a blossoming altar of Fedhas.
    46 | D        | Found an opulent altar of Gozag.
    47 | D        | Found a hazy altar of Hepliaklqana.
    48 | D        | Found a viscous altar of Jiyva.
    49 | D        | Found an ancient bone altar of Kikubaaqudgha.
    50 | D        | Found a corrupted altar of Lugonu.
    51 | D        | Found a burning altar of Makhleb.
    52 | D        | Found a sparkling altar of Nemelex Xobeh.
    53 | D        | Found an iron altar of Okawaru.
    54 | D        | Became a worshipper of Gozag Ym Sagoz the Greedy
    55 | D        | Found a stormy altar of Qazlal.
    56 | D        | Found a sacrificial altar of Ru.
    57 | D        | Found a shimmering blue altar of Sif Muna.
    58 | D        | Found a bloodstained altar of Trog.
    59 | D        | Found a hide-covered altar of Uskayaw.
    60 | D        | Found a radiant altar of Vehumet.
    61 | D        | Found an ornate altar of the Wu Jian Council.
    62 | D        | Found a shimmering altar of Xom.
    63 | D        | Found a basalt altar of Yredelemnul.
    64 | D        | Found a glowing silver altar of Zin.
    65 | D        | Found a glowing golden altar of the Shining One.
   121 | D        | Noticed a vampire mosquito
   121 | D        | Noticed a centaur
   121 | D        | Noticed a killer bee
   121 | D        | Noticed a yak
   121 | D        | Noticed a wight
   121 | D        | Noticed a kobold demonologist
   137 | D        | Killed a kobold demonologist
   138 | D        | Reached skill level 11 in Polearms
   138 | D        | Reached XP level 4. HP: 28/49 MP: 3/3
   138 | D        | Reached XP level 5. HP: 32/56 MP: 4/4
   138 | D        | Reached XP level 6. HP: 36/62 MP: 5/5
   142 | D        | Killed a yak
   143 | D        | Reached skill level 12 in Polearms
   147 | D        | Reached skill level 13 in Polearms
   147 | D        | Reached XP level 7. HP: 28/71 MP: 6/6
   151 | D        | Reached skill level 10 in Fighting
   151 | D        | Reached skill level 10 in Armour
   153 | D        | Killed a vampire mosquito
   154 | D        | Reached skill level 14 in Polearms
   169 | D        | Noticed a manticore
   169 | D        | Noticed a white ugly thing
   169 | D        | Noticed a shadow
   169 | D        | Noticed a vampire mosquito
   171 | D        | a ribbon worm changed into a polar bear
   171 | D        | Noticed a polar bear (shapeshifter)
   173 | D        | a polar bear changed into a black bear
   178 | D        | Killed a vampire mosquito
   184 | D        | Reached XP level 8. HP: 28/82 MP: 7/7
   186 | D        | Annihilated by a white ugly thing

Illustrated notes

Levels and vault maps discovered:
D:        linesprint [early_d, line_temple, items_1, d_10, items_2, lair_1,
          lair_end, items_3, orc_1, orc_end, items_4, d_15, swamp_1, shoals_1,
          snake_1, spider_1, d_20, vaults_1, items_5, swamp_end, shoals_end,
          snake_end, spider_end, vaults_end, d_27, items_6, zot_1, zot_end,
          crypt_end, forest_end, elf_end, slime_end, tomb_end, abyss_end,
          pan_hell_end]

Skill      XL: |  1  2  3  4  5  6  7 |
---------------+----------------------+-----
Polearms       | 4 5 11 13 14 | 14.8
Fighting       | 4 5 8 9 11 | 11.1
Armour         | 4 5 8 9 11 | 11.2
Shields        | |  3.6

Action                     |  1- 3 |  4- 6 |  7- 9 || total
---------------------------+-------+-------+-------++-------
  Melee: Trident           |    28 |       |       ||    28
         Headbutt          |    10 |     2 |       ||    12
         Halberd           |    16 |     9 |    17 ||    42
    Use: Potion            |       |       |     2 ||     2
 Armour: Scale mail        |    12 |       |       ||    12
         Chain mail        |    18 |     8 |    19 ||    45
  Dodge: Dodged            |    15 |       |    12 ||    27
  Block: Buckler           |     5 |       |       ||     5
